 Dungeon Crawl Stone Soup version 0.29-a0-323-g050149af67 (webtiles) character file.

Game seed: 12675359717474778288

21 spaghetti the Caller (level 2, 0/20 HPs)
             Began as a Demigod Summoner on Apr 10, 2022.
             Slain by a kobold
             ... wielding a +0 club
              (2 damage)
             ... on level 1 of the Dungeon.
             The game lasted 00:01:13 (1433 turns).

spaghetti the Caller (Demigod Summoner)             Turns: 1433, Time: 00:01:14

Health: 0/20       AC:  2    Str:  9    XL:     2   Next: 48%
Magic:  5/7        EV: 13    Int: 17    God:
Gold:   18         SH:  0    Dex: 14    Spells: 3/4 levels left

rFire   . . .      SeeInvis .   c - +0 spear {polearm}
rCold   . . .      Faith    .   (no shield)
rNeg    . . .      Spirit   .   a - +0 robe
rPois   .          Reflect  .   (no helmet)
rElec   .          Harm     .   (no cloak)
rCorr   .          Rampage  .   (no gloves)
Will    .....                   (no boots)
Stlth   ++........              (no amulet)
HPRegen 0.06/turn               (no ring)
MPRegen 0.10/turn               (no ring)

@: attractive, flying
A: high MP 1, forlorn, divine attributes
a: no special abilities


You were on level 1 of the Dungeon.
You visited 1 branch of the dungeon, and saw 1 of its levels.

You collected 18 gold pieces.


Innate Abilities, Weirdness & Mutations

You have an increased reservoir of magic. (+10% MP)
You shall have no god before yourself.
Your divine heritage dramatically boosts your attributes as you level up.


   Skills:
 + Level 3.0 Dodging
 - Level 1.7 Stealth
 - Level 1.7 Spellcasting
 - Level 3.6 Summonings


You had 3 spell levels left.
You knew the following spells:

 Your Spells              Type           Power      Damage    Failure   Level
a - Summon Small Mammal   Summ           52%        N/A       4%          1

Your spell library contained the following spells:

 Spells                   Type           Power      Damage    Failure   Level
 Call Imp                 Summ           13%        N/A       7%          2
 Call Canine Familiar     Summ           13%        N/A       14%         3
 Summon Guardian Golem    Hex/Summ       7%         N/A       28%         3
 Summon Lightning Spire   Summ/Air       7%         N/A       67%         4

Inventory:

Hand Weapons
 c - a +0 spear (weapon) {polearm}
   (You found it on level 1 of the Dungeon)
Missiles
 e - 4 poisoned darts {throwing}
 h - 2 stones {throwing}
Armour
 a - a +0 robe (worn)
Scrolls
 f - a scroll of identify {unknown}
Potions
 b - a potion of magic

Dungeon Overview and Level Annotations

Branches:
Dungeon (1/15)

##.......# #.# #.##.#
##.....## #.###.##.#
##.#[## #........#
###.# #####.#### #.#
#.# ##'## ##.## ##..?##
#...## ##.....##
###....# #...b@>.#
##.#)..##
#....JKK..####...##.###
+......r..+............
#.........####...#..###
##......$## ##.##.##
##.....## ####.#
##...## #.# ###+#####
#.# #.......# #.#


You could see an endoplasm (ally target), 2 kobolds, a friendly bat (summoned)
and a friendly rat (summoned).


Message History

You hit the hobgoblin but do no damage. The hobgoblin misses you.
You barely miss the hobgoblin. The hobgoblin misses you.
You closely miss the hobgoblin. The hobgoblin barely misses you.
The hobgoblin hits you but does no damage.
You closely miss the hobgoblin.
The hobgoblin hits you but does no damage.
You closely miss the hobgoblin. The hobgoblin closely misses you.
You closely miss the hobgoblin. The hobgoblin hits you.
A hobgoblin is nearby! 😕 HP[-1]
You take 1 damage, and now have 19/20 hp.
A hobgoblin is nearby!
You hit the hobgoblin. The hobgoblin misses you.
You hit the hobgoblin but do no damage. The hobgoblin barely misses you.
You hit the hobgoblin.
You kill the hobgoblin!
Your Dodging skill increases to level 3!
You see here a +0 leather armour.
You open the door.
An endoplasm comes into view.
Found a scroll labelled VOUKOU YCOEVOG.
Found a stone staircase leading down.
An endoplasm is nearby! 😎 HP[+1]
Your hp is fully restored (20).
An endoplasm is nearby!
An endoplasm is nearby!
A kobold comes into view. It is wielding a +0 club.
The kobold shouts!
A kobold comes into view. It is wielding a +0 short sword.
There is an open door here.
You see here a scroll labelled VOUKOU YCOEVOG.
The endoplasm quivers.
The kobold throws a stone.
The stone closely misses you.
You barely miss the kobold.
The kobold shouts!
The kobold hits you with a +0 short sword.
The kobold hits you with a +0 club.
You are too injured to fight recklessly!
You are too injured to fight recklessly!
You are too injured to fight recklessly!
You are too injured to fight recklessly!
You are too injured to fight recklessly!
You are too injured to fight recklessly!
You are too injured to fight recklessly!
You are too injured to fight recklessly!
You are too injured to fight recklessly!
You are too injured to fight recklessly!
You are too injured to fight recklessly!
You are too injured to fight recklessly!
You are too injured to fight recklessly! 😕 HP[-3]
You take 3 damage, and now have 17/20 hp.
You are too injured to fight recklessly!
You are too injured to fight recklessly!
You are too injured to fight recklessly!
Unknown command.
Casting: Summon Small Mammal (safe; 4% risk of failure)
Confirm with . or Enter, or press ? or * to list all spells.
The kobold closely misses you. The kobold barely misses you. 😕 MP[-1]
You lost 1 mp, and now have 6/7 mp.
Casting: Summon Small Mammal (safe; 4% risk of failure)
Confirm with . or Enter, or press ? or * to list all spells.
The kobold hits you with a +0 short sword.
The endoplasm jiggles.
The endoplasm misses you. The kobold hits you with a +0 club.
Your rat misses the kobold. 😮 HP[-5] MP[-1]
You take 5 damage, and now have 12/20 hp.
MASSIVE DAMAGE!! (PAUSE)
You lost 1 mp, and now have 5/7 mp.
You hit the kobold but do no damage.
Your bat hits the endoplasm but does no damage.
The kobold hits you with a +0 club.
* * * LOW HITPOINT WARNING * * *
The endoplasm freezes you.
You are frozen.
* * * LOW HITPOINT WARNING * * *
The kobold closely misses you.
Your bat hits the endoplasm.
Your rat bites the kobold but does no damage. 😨 HP[-6]
You take 6 damage, and now have 6/20 hp.
MASSIVE DAMAGE!! (PAUSE) It was a potion of flight.
You feel very buoyant.
You fly up into the air.
The kobold hits you but does no damage. The endoplasm freezes you.
You are frozen.
* * * LOW HITPOINT WARNING * * *
The kobold closely misses you.
Your bat hits the endoplasm.
Your rat bites the kobold but does no damage. 😱 HP[-4]
You take 4 damage, and now have 2/20 hp.
Unknown command.
Unknown command.
It was a potion of attraction.
You feel attractive to monsters.
Your bat hits the endoplasm but does no damage.
Your bat hits the endoplasm. The kobold hits you with a +0 club.
You die...

Skill      XL: |  1  2 |
---------------+-------+-----
Dodging        | 2 3 |  3.0
Stealth        | |  1.7
Spellcasting   | |  1.7
Summonings     | |  3.6

Action                   || total
-------------------------++-------
Melee: Spear             ||    57
       Unarmed           ||     4
 Cast: Summon Small Mamm ||    13
  Use: Potion            ||     2
 Stab: Sleeping          ||     2
Armor: Robe              ||     7
Dodge: Dodged            ||    34

Levels and vault maps discovered:
D:1:      lightli_arrival_isolated_outpost, layout_loops_corners,
          ebering_ecumenical_altar_rust

Notes
Turn   | Place    | Note
-------+----------+-------------------------------------------
     0 | D:1      | spaghetti the Demigod Summoner began the quest for the Orb.
     0 | D:1      | Reached XP level 1. HP: 14/14 MP: 5/5
     0 | D:1      | magus.rc [v1.9.6]
    44 | D:1      | HP: 1/14 [quokka (4)]
   460 | D:1      | Reached skill level 2 in Dodging
   461 | D:1      | HP: 3/14 [hobgoblin (1)]
   901 | D:1      | Reached XP level 2. HP: 16/20 MP: 7/7
  1409 | D:1      | Reached skill level 3 in Dodging
  1432 | D:1      | HP: 2/20 [frozen (4)]
  1433 | D:1      | Slain by a kobold

Vanquished Creatures
  2 ball pythons (D:1)
  An endoplasm (D:1)
  A giant cockroach (D:1)
  3 hobgoblins (D:1)
  4 kobolds (D:1)
  2 bats (D:1)
  A rat (D:1)
14 creatures vanquished.

Vanquished Creatures (collateral kills)
  An endoplasm (D:1)
  A hobgoblin (D:1)
  A quokka (D:1)
3 creatures vanquished.

Grand Total: 17 creatures vanquished

Table legend:
 A = Non-vault XP
 B = Vault XP
 C = Vault XP percentage of total XP
 D = Non-vault monster count
 E = Vault monster count
 F = Vault count percentage of total count
                 A         B        C        D         E       F
            +---------+---------+-------+---------+---------+-------
      Total |      31 |       0 |   0.0 |      17 |       0 |   0.0
            +---------+---------+-------+---------+---------+-------
        D:1 |      31 |       0 |   0.0 |      17 |       0 |   0.0
            +---------+---------+-------+---------+---------+-------

Illustrated notes

Table legend:
 A = Kills in this place as a percentage of kills in entire the game.
 B = Kills by you in this place as a percentage of kills by you in the entire game.
 C = Kills by friends in this place as a percentage of kills by friends in the entire game.
 D = Other kills in this place as a percentage of other kills in the entire game.
 E = Experience gained in this place as a percentage of experience gained in the entire game.
 F = Experience gained in this place divided by the number of levels of this place that you have seen.
                   A       B       C       D       E      F
               +-------+-------+-------+-------+-------+----------------------
         Total | 100.0 | 100.0 | 100.0 |   N/A | 100.0 |  31.0
       Dungeon | 100.0 | 100.0 | 100.0 |   N/A | 100.0 |  31.0
               +-------+-------+-------+-------+-------+----------------------

Table legend: (Time is in decaauts)
 A = Elapsed time spent in this place.
 B = Non-inter-level travel time spent in this place.
 C = Inter-level travel time spent in this place.
 D = Time resting spent in this place.
 E = Time spent auto-exploring this place.
 F = Levels seen in this place.
 G = Mean time per level.
                   A        B        C        D        E       F      G
               +--------+--------+--------+--------+--------+-----+--------+
         Total |   1444 |   1444 |      0 |    853 |    445 |   1 | 1444.0 |
       Dungeon |   1444 |   1444 |      0 |    853 |    445 |   1 | 1444.0 |
               +--------+--------+--------+--------+--------+-----+--------+

Top non-repeatable levels by time:
     D:1: 1444 daAuts
